[Event "Chinese League Div-A Rapid 2022"]
[Site "Fuling,Chongqing"]
[Date "2022.09.14"]
[Round "7.7"]
[White "Xu, Yinglun"]
[Black "Ma, Zhonghan"]
[Result "1/2-1/2"]
[ECO "D12"]
[WhiteElo "2549"]
[BlackElo "2485"]
[Annotator "TA"]
[PlyCount "32"]
[EventDate "2022.09.07"]
[EventType "team-tourn"]
[EventCountry "CHN"]
[SourceTitle "playchess.com"]
[Source "ChessBase"]
[SourceQuality "1"]
[TimeControl "1500+10"]

1. c4 c6 2. d4 d5 3. Nf3 Nf6 4. e3 Bf5 5. Nc3 e6 6. Nh4 Bg6 7. Be2 {[%emt 0:00:10] D12: Slav Defence: 3 Nf3 Nf6 4 e3 Bf5.} Nbd7 8. O-O Bd6 9. g3 {[%emt 0:00:09] White has an edge.} O-O 10. Nxg6 hxg6 11. Qc2 dxc4 12. Bxc4 c5 {[%emt 0:00:10] [#]} 13. Rd1 $1 $146 {[%emt 0:01:48][%mdl 8] A relevant novelty.} ({Predecessor:} 13. dxc5 Nxc5 14. Rd1 Qe7 15. Bd2 a6 16. Rac1 Rac8 17. Be1 b5 18. Bf1 Nce4 19. Qb1 Nxc3 20. Bxc3 {½-½ (43) Fedoseev,V (2672)-Artemiev,V (2650) Kocaeli 2014}) 13... cxd4 14. exd4 Rc8 {[%emt 0:00:11] The position is equal.} 15. Bf1 a6 16. a4 Nd5 {[%emt 0:05:17] Not much happened in this game.  Weighted Error Value: White=0.10 (very precise) /Black=0.04 (flawless)} 1/2-1/2

[Event "Chinese League Div-A Rapid 2022"]
[Site "Fuling,Chongqing"]
[Date "2022.09.14"]
[Round "7.8"]
[White "Wen, Yang"]
[Black "Pang, Tao"]
[Result "1/2-1/2"]
[ECO "C01"]
[WhiteElo "2588"]
[BlackElo "2427"]
[Annotator "TA"]
[PlyCount "56"]
[EventDate "2022.09.07"]
[EventType "team-tourn"]
[EventCountry "CHN"]
[SourceTitle "playchess.com"]
[Source "ChessBase"]
[SourceQuality "1"]
[TimeControl "1500+10"]

1. e4 e6 2. d4 d5 3. exd5 exd5 4. Nf3 Nf6 5. Bd3 Bd6 6. O-O O-O 7. h3 Nbd7 {[%emt 0:01:39] C01: French: Exchange Variation.} 8. Nc3 c6 {[%emt 0:00:09] Against Nb5} 9. Bg5 h6 10. Bh4 Qc7 11. Re1 g5 {[%emt 0:01:34] [#]} 12. Nxg5 {[%emt 0:01:39][%cal Og5h7] Hoping for Nh7!} hxg5 (12... Bh2+ 13. Kh1) 13. Bxg5 {[%emt 0:00:02] [#] Black must now prevent Qf3.} Bh2+ $146 ({Predecessor:} 13... Bf4 14. Bxf4 Qxf4 15. Re3 Kh8 16. Ne2 Qh6 17. Ng3 Nb6 18. Qf3 Be6 19. Bf5 Nc4 {0-1 (29) Michalko,P (1361)-Vitazka,J (1778) Bratislava 2004}) 14. Kh1 Bf4 15. h4 {[%emt 0:00:01][%cal Bh3h4,Bh4g5][%mdl 32] Threatens to win with Qf3.} Kg7 16. g3 $1 Bxg5 17. hxg5 {[%emt 0:00:02] And now Kg2 would win.} Rh8+ 18. Kg2 $1 {[%emt 0:00:08] Strongly threatening Rh1.} Ng8 19. Rh1 {[%emt 0:01:49] Dancing on a razor blade.} Rxh1 20. Qxh1 Nf8 {[%emt 0:00:08] Prevents Qh7+.} 21. Qh5 {[%emt 0:00:39][%mdl 1024] aiming for Rh1. White has compensation.} Ng6 22. Rh1 $36 {[%emt 0:00:07][%mdl 2048] White fights for an advantage. White is more active.} N8e7 (22... Kf8 $14) 23. Qh6+ $18 Kg8 24. Qh7+ Kf8 25. Qh6+ Kg8 $1 (25... Ke8 26. Qg7 Qd6 27. f4 $16) 26. Qh7+ Kf8 27. Qh6+ Kg8 $1 {[%emt 0:00:01] [#]} ({Resist} 27... Ke8 28. Qg7 $16) 28. Qh7+ $2 ({White must play} 28. Ne2 $1 $18 Bf5 29. Qh7+ Kf8 30. Bxf5 Nxf5 31. Nf4 Nfh4+ 32. Rxh4 Nxh4+ 33. Qxh4) 28... Kf8 {[%emt 0:00:01] Weighted Error Value: White=0.34/Black=0.16 (very precise)} 1/2-1/2

[Event "Chinese League Div-A Rapid 2022"]
[Site "Fuling,Chongqing"]
[Date "2022.09.14"]
[Round "7.9"]
[White "Sun, Fanghui"]
[Black "Song, Yuxin"]
[Result "1/2-1/2"]
[ECO "B97"]
[WhiteElo "2182"]
[BlackElo "2317"]
[Annotator "RC"]
[PlyCount "62"]
[EventDate "2022.09.07"]
[EventType "team-tourn"]
[EventCountry "CHN"]
[SourceTitle "playchess.com"]
[Source "ChessBase"]
[SourceQuality "1"]
[TimeControl "1500+10"]

1. e4 c5 2. Nf3 d6 3. d4 cxd4 4. Nxd4 Nf6 5. Nc3 a6 6. Bg5 e6 7. f4 Qb6 8. Qd3 Qxb2 9. Rb1 Qa3 10. f5 Be7 11. fxe6 Bxe6 12. Nxe6 fxe6 13. Rxb7 Qc5 14. Be3 Qc8 15. Rb3 Nbd7 16. Qc4 Qxc4 17. Bxc4 Kf7 18. Rf1 Rhc8 19. Bd3 Nc5 20. Bxc5 Rxc5 21. Na4 Ra5 22. Nb6 Rd8 23. a4 Ke8 24. Kd2 Nd7 25. Nxd7 Rxd7 26. Rb6 Bg5+ 27. Ke2 Rxa4 28. Rxa6 Rxa6 29. Bxa6 Ra7 30. Bc4 Ke7 31. Rb1 Bf6 1/2-1/2

[Event "Chinese League Div-A Rapid 2022"]
[Site "Fuling,Chongqing"]
[Date "2022.09.14"]
[Round "7.10"]
[White "Shao, Qiyu"]
[Black "Li, Xueyi"]
[Result "1/2-1/2"]
[ECO "D45"]
[WhiteElo "1467"]
[BlackElo "2280"]
[Annotator "NA RC"]
[PlyCount "88"]
[EventDate "2022.09.07"]
[EventType "team-tourn"]
[EventCountry "CHN"]
[SourceTitle "playchess.com"]
[Source "ChessBase"]
[SourceQuality "1"]
[TimeControl "1500+10"]

1. c4 c6 2. Nf3 d5 3. e3 Nf6 4. Nc3 e6 5. b3 Nbd7 6. Bb2 Bd6 7. d4 O-O 8. Be2 b6 9. O-O Bb7 10. Rc1 Qe7 11. cxd5 exd5 12. Bd3 Ne4 13. Ne2 f5 14. Ng3 Rf6 15. Re1 Raf8 16. Nd2 Rh6 17. Ndf1 Qh4 18. f4 Bb4 19. Re2 Bc8 20. a3 Nxg3 21. hxg3 Qh1+ 22. Kf2 Be7 23. Nd2 Qh5 24. Re1 Qe8 25. Rh1 Rxh1 26. Qxh1 Nf6 27. Be2 Bd6 28. Rc3 Bb7 29. Bf3 Qe7 30. b4 Re8 31. Qc1 c5 32. bxc5 bxc5 33. Rb3 Ba6 34. dxc5 Bxc5 35. Be5 Bb6 36. Rc3 Kh8 37. Nb3 Bc4 38. Nd4 Bxd4 39. Bxd4 Ne4+ 40. Bxe4 fxe4 41. Qb2 Kg8 42. Rc1 a6 43. Rb1 Bd3 44. Rc1 Bc4 1/2-1/2

[Event "Chinese League Div-A Rapid 2022"]
[Site "Fuling,Chongqing"]
[Date "2022.09.14"]
[Round "7.11"]
[White "Xu, Jun"]
[Black "Wang, Chen"]
[Result "1-0"]
[ECO "E32"]
[WhiteElo "2474"]
[BlackElo "2476"]
[Annotator "RC"]
[PlyCount "119"]
[EventDate "2022.09.07"]
[EventType "team-tourn"]
[EventCountry "CHN"]
[SourceTitle "playchess.com"]
[Source "ChessBase"]
[SourceQuality "1"]
[TimeControl "1500+10"]

1. d4 Nf6 2. c4 e6 3. Nc3 Bb4 4. Qc2 d6 5. a3 Bxc3+ 6. Qxc3 O-O 7. f3 Nbd7 8. e4 e5 9. Be3 a5 10. Ne2 Re8 11. d5 a4 12. Qc2 Nc5 13. Nc3 Bd7 14. Be2 b6 15. O-O h6 16. Kh1 Nh7 17. Rf2 Nb3 18. Rd1 Qe7 19. Nb5 Bxb5 20. cxb5 Nc5 21. g3 Nf8 22. h4 Nfd7 23. Bc4 Rf8 24. Rh2 f5 25. exf5 e4 26. f4 h5 27. Be2 Qf7 28. g4 hxg4 29. h5 Qxf5 30. h6 Nf6 31. Rg1 gxh6 32. Rxh6 Kg7 33. Rh2 Kf7 34. Kg2 g3 35. Rh4 Ke7 36. Bc4 Ncd7 37. Rgh1 Kd8 38. R1h3 Kc8 39. Rxg3 Kb7 40. Rg5 Rg8 41. Qd1 Nc5 42. Kh2 Rxg5 43. fxg5 Nfd7 44. Qf1 Qxf1 45. Bxf1 Rg8 46. Bh3 Rg7 47. Kg3 Nd3 48. Rxe4 N7c5 49. Re8 Nxb2 50. Bf5 Nc4 51. Kg4 Nxe3+ 52. Rxe3 Nb3 53. Rd3 Nc5 54. Re3 Nb3 55. g6 Nd4 56. Kg5 Nxf5 57. Kxf5 Rg8 58. Re7 Rf8+ 59. Rf7 Rg8 60. g7 1-0

[Event "Chinese League Div-A Rapid 2022"]
[Site "Fuling,Chongqing"]
[Date "2022.09.14"]
[Round "7.12"]
[White "Lin, Chen"]
[Black "Zeng, Chongsheng"]
[Result "1/2-1/2"]
[ECO "B01"]
[WhiteElo "2485"]
[BlackElo "2597"]
[Annotator "TA"]
[PlyCount "80"]
[EventDate "2022.09.07"]
[EventType "team-tourn"]
[EventCountry "CHN"]
[SourceTitle "playchess.com"]
[Source "ChessBase"]
[SourceQuality "1"]
[TimeControl "1500+10"]

1. e4 d5 2. exd5 Qxd5 3. Nc3 Qa5 4. d4 Nf6 5. Nf3 c6 6. h3 Bf5 $1 {[%emt 0:00:02] B01: Scandinavian Defence.} 7. Nh4 Bg6 8. Nxg6 hxg6 9. g3 e6 10. Bg2 $1 Nbd7 11. O-O Bd6 12. Ne2 O-O 13. c4 e5 14. Be3 ({Better is} 14. a3 $14) 14... Rad8 15. Qc2 exd4 16. Nxd4 Rfe8 17. Rfe1 Qc7 18. a3 a5 19. Rab1 {[%emt 0:01:10] [#]} Rxe3 $146 ({Predecessor:} 19... Re7 20. b4 axb4 21. axb4 Rde8 22. Bd2 Rxe1+ 23. Bxe1 Bf8 24. Bd2 Nb6 25. b5 cxb5 26. Nxb5 Qxc4 27. Qxc4 Nxc4 {½-½ (33) Sychev,K (2563)-Grischuk,A (2777) Moscow 2019}) 20. Rxe3 Bc5 21. Rd1 {[%emt 0:00:08] Black must now prevent Re2.} (21. Qc3 $5 Qb6 22. Rd1 $11) 21... Ne5 22. Qc3 {[%emt 0:00:12] Strongly threatening b4.} Qd6 $132 {[%emt 0:00:03][%mdl 2048] [#] Black is not keeping still} 23. b3 $1 Bxd4 {[%emt 0:00:02] [#]} (23... a4 {is more complex.} 24. bxa4 Bxd4 25. Rxd4 Qxd4 26. Qxd4 Rxd4 27. Rxe5 Rxc4 28. Re7 Rc1+) 24. Rxd4 {[%emt 0:00:09][%mdl 64] Remove Defender} Qxd4 {[%emt 0:00:02] The position is equal.} 25. Qxd4 {[%emt 0:00:05][%mdl 64] Remove Defender} Rxd4 26. Rxe5 $11 {[%emt 0:00:04][%mdl 4096] Endgame KRB-KRN} a4 27. bxa4 Rxc4 28. Re7 Rxa4 29. Rxb7 Rxa3 30. Bxc6 g5 31. Rb5 $1 g4 32. hxg4 Nxg4 33. Be4 g6 34. Rb2 Kg7 35. Kg2 Nf6 36. Bf3 Ra7 37. Rc2 Ra3 38. Rb2 Ra7 39. Rc2 Ra3 40. Rb2 Ra7 {[%emt 0:00:10] Weighted Error Value: White=0.07 (flawless) /Black=0.05 (flawless)} 1/2-1/2

[Event "Chinese League Div-A Rapid 2022"]
[Site "Fuling,Chongqing"]
[Date "2022.09.14"]
[Round "7.13"]
[White "Chen, Qi b"]
[Black "Bu, Xiangzhi"]
[Result "1/2-1/2"]
[ECO "C67"]
[WhiteElo "2485"]
[BlackElo "2709"]
[Annotator "TA"]
[PlyCount "62"]
[EventDate "2022.09.07"]
[EventType "team-tourn"]
[EventCountry "CHN"]
[SourceTitle "playchess.com"]
[Source "ChessBase"]
[SourceQuality "1"]
[TimeControl "1500+10"]

1. e4 e5 2. Nf3 Nc6 3. Bb5 Nf6 4. O-O Nxe4 5. Re1 Nd6 6. Nxe5 Be7 7. Bf1 Nxe5 8. Rxe5 O-O 9. d4 Bf6 10. Re1 Re8 {[%emt 0:00:30] The position is equal. C67: Ruy Lopez: Berlin Defence: 4 0-0 Nxe4.} 11. c3 Rxe1 12. Qxe1 Ne8 13. Bf4 d5 14. Bd3 g6 15. Nd2 Ng7 16. Qe2 c6 17. Re1 Bf5 18. Bxf5 Nxf5 19. Nf3 Ng7 20. Be5 Ne6 21. Bxf6 Qxf6 22. Ne5 Re8 23. Ng4 Qd8 24. Qe5 {[%emt 0:00:17] Hoping for Nf6+.} Ng7 25. Qxe8+ ({But not} 25. Nh6+ $2 Kf8 26. Nxf7 Rxe5 $19) 25... Nxe8 26. Rxe8+ {[%emt 0:00:03][%mdl 64] [#] Remove Defender} Qxe8 27. Nf6+ Kf8 28. Nxe8 Kxe8 29. f4 f5 30. Kf2 {[%emt 0:00:15] [#] An even fight not without its subleties.  Weighted Error Value: White=0.04 (flawless) /Black=0.01 (flawless)} {Predecessor:} a5 $146 31. a4 Ke7 {½-½ (31) Ding,L (2799)-Ma,Q (2645) Hangzhou 2022} 1/2-1/2

[Event "Chinese League Div-A Rapid 2022"]
[Site "Fuling,Chongqing"]
[Date "2022.09.14"]
[Round "7.14"]
[White "Huang, Qian"]
[Black "Guo, Qi"]
[Result "1/2-1/2"]
[ECO "D56"]
[WhiteElo "2433"]
[BlackElo "2406"]
[Annotator "RC"]
[PlyCount "41"]
[EventDate "2022.09.07"]
[EventType "team-tourn"]
[EventCountry "CHN"]
[SourceTitle "playchess.com"]
[Source "ChessBase"]
[SourceQuality "1"]
[TimeControl "1500+10"]

1. d4 d5 2. c4 e6 3. Nc3 Be7 4. Nf3 Nf6 5. Bg5 h6 6. Bh4 O-O 7. e3 Ne4 8. Bxe7 Qxe7 9. Qc2 Nxc3 10. Qxc3 dxc4 11. Bxc4 c5 12. O-O cxd4 13. Nxd4 Bd7 14. Qb3 Be8 15. Rac1 Nc6 16. Nxc6 Bxc6 17. Bb5 Bd5 18. Bc4 Bc6 19. Bb5 Bd5 20. Bc4 Bc6 21. Bb5 1/2-1/2

[Event "Chinese League Div-A Rapid 2022"]
[Site "Fuling,Chongqing"]
[Date "2022.09.14"]
[Round "7.15"]
[White "Yeoh, Li Tian"]
[Black "Zhang, Xiao"]
[Result "1/2-1/2"]
[ECO "B13"]
[WhiteElo "2530"]
[BlackElo "2073"]
[Annotator "RC"]
[PlyCount "41"]
[EventDate "2022.09.07"]
[EventType "team-tourn"]
[EventCountry "CHN"]
[SourceTitle "playchess.com"]
[Source "ChessBase"]
[SourceQuality "1"]
[TimeControl "1500+10"]

1. e4 c6 2. d4 d5 3. exd5 cxd5 4. Bd3 Nc6 5. c3 Nf6 6. Nf3 Bg4 7. Bf4 e6 8. Nbd2 Bd6 9. Bxd6 Qxd6 10. O-O O-O 11. h3 Bh5 12. Re1 Rac8 13. Qb3 Qc7 14. Ne5 Nxe5 15. Rxe5 Bg6 16. Bxg6 hxg6 17. Rae1 Nd7 18. R5e3 Nf6 19. Re5 Nd7 20. R5e3 Nf6 21. Re5 1/2-1/2

[Event "Chinese League Div-A Rapid 2022"]
[Site "Fuling,Chongqing"]
[Date "2022.09.14"]
[Round "7.16"]
[White "Chen, Yuan"]
[Black "Bai, Jinshi"]
[Result "0-1"]
[ECO "C68"]
[WhiteElo "2138"]
[BlackElo "2586"]
[Annotator "TA"]
[PlyCount "106"]
[EventDate "2022.09.07"]
[EventType "team-tourn"]
[EventCountry "CHN"]
[SourceTitle "playchess.com"]
[Source "ChessBase"]
[SourceQuality "1"]
[TimeControl "1500+10"]

1. e4 e5 2. Nf3 Nc6 3. Bb5 a6 4. Bxc6 dxc6 5. d3 Bd6 6. Be3 c5 {[%emt 0:01:23] C68: Ruy Lopez: Exchange Variation, sidelines.} 7. Nbd2 Ne7 8. Qe2 Nc6 {[%emt 0:00:12] Black has an edge.} 9. c3 {[%emt 0:00:59] [#]} f6 $146 ({Predecessor:} 9... O-O 10. a3 a5 11. h3 a4 12. O-O Qe7 13. Rfe1 h6 14. Nf1 Be6 15. Ng3 Rfd8 {½-½ (22) Velten,P (2455)-Bailet,P (2534) Anogia 2017}) 10. Nh4 Be6 11. O-O Qd7 12. Nb3 b6 13. d4 cxd4 14. cxd4 {[%emt 0:00:02] And now d5 would win.} exd4 (14... Bxb3 {seems wilder.} 15. dxe5 Nxe5 16. axb3 Qg4) 15. Nxd4 Nxd4 16. Bxd4 {[%emt 0:00:02] [#]} Bxh2+ $1 17. Kxh2 $11 Qxd4 18. Nf5 $1 Qd7 19. Rac1 (19. Rfd1 $11 Qf7 20. Rd6) 19... O-O $17 20. Rfd1 Qf7 21. Qg4 {[%emt 0:00:57] Nh6+ is the strong threat.} Bxf5 22. Qxf5 {[%emt 0:00:14] aiming for Rd7.} Rad8 {[%emt 0:00:25] Prevents Rd7.} 23. e5 (23. Rxd8 $15 Rxd8 24. a4) 23... Rxd1 ({Stronger than} 23... Qxa2 24. Rxd8 Rxd8 25. Rxc7 $11) 24. Rxd1 fxe5 25. Qxe5 {[%emt 0:00:05][%mdl 4096] Endgame KQR-KQR} Re8 $1 26. Qd5 Qxd5 27. Rxd5 $19 {[%emt 0:00:01] KR-KR} Re2 28. Rd8+ Kf7 29. Rd7+ Kf8 30. Rxc7 Rxb2 31. Rc8+ Ke7 32. Rc7+ (32. Kg3 $17) 32... Kd6 $1 33. Rxg7 Rxf2 34. a3 Ra2 35. Rxh7 Rxa3 36. g4 b5 37. g5 $2 {[%emt 0:00:14] [#]} (37. Ra7 Ke6 38. Kg2) 37... Ke6 $1 {[%emt 0:00:31] White must now prevent ...Kf5.} 38. Rh8 (38. Kg1 $142 Kf5 39. Kf2) 38... Kf5 39. Rg8 b4 {[%emt 0:00:40] Black mates.} 40. g6 b3 41. Kg2 Ra2+ 42. Kf3 b2 43. g7 Kg6 44. Rb8 Kxg7 45. Kf4 a5 46. Kf5 a4 47. Rb7+ Kf8 48. Kf6 Ke8 49. Ke6 Kd8 50. Kd6 Kc8 51. Kc6 a3 52. Rg7 Kd8 53. Kd6 {[%emt 0:00:14] [#]} Ke8 $1 {[%emt 0:00:01] Weighted Error Value: White=0.42/Black=0.05 (flawless)} 0-1

[Event "Chinese League Div-A Rapid 2022"]
[Site "Fuling,Chongqing"]
[Date "2022.09.14"]
[Round "7.17"]
[White "Xu, Minghui"]
[Black "Xu, Zhihang"]
[Result "1-0"]
[ECO "E21"]
[WhiteElo "2408"]
[BlackElo "2489"]
[Annotator "RC"]
[PlyCount "75"]
[EventDate "2022.09.07"]
[EventType "team-tourn"]
[EventCountry "CHN"]
[SourceTitle "playchess.com"]
[Source "ChessBase"]
[SourceQuality "1"]
[TimeControl "1500+10"]

1. d4 Nf6 2. c4 e6 3. Nc3 Bb4 4. e3 O-O 5. Bd2 b6 6. Nf3 Bb7 7. Bd3 d6 8. O-O Nbd7 9. a3 Bxc3 10. Bxc3 Ne4 11. Be1 f5 12. Nd2 Qg5 13. f4 Qg6 14. Nxe4 fxe4 15. Be2 Nf6 16. Kh1 e5 17. dxe5 dxe5 18. Bc3 Rad8 19. Qe1 Nd7 20. Qh4 Nc5 21. Bxe5 Rd2 22. Qe1 Rfd8 23. Rd1 Rxd1 24. Bxd1 Nd3 25. Qh4 Rf8 26. Bc3 Qf7 27. Bh5 Qd7 28. Qg3 Ba6 29. Bg4 Qe7 30. Be6+ Kh8 31. f5 Nc5 32. Bd5 Nd7 33. Qxc7 Bc8 34. Bb4 Qd8 35. Qg3 Re8 36. Bf7 Re5 37. Bc3 Qf6 38. Be6 1-0

[Event "Chinese League Div-A Rapid 2022"]
[Site "Fuling,Chongqing"]
[Date "2022.09.14"]
[Round "7.18"]
[White "Lu, Shanglei"]
[Black "Ma, Qun"]
[Result "1/2-1/2"]
[ECO "C54"]
[WhiteElo "2616"]
[BlackElo "2666"]
[Annotator "TA"]
[PlyCount "98"]
[EventDate "2022.09.07"]
[EventType "team-tourn"]
[EventCountry "CHN"]
[SourceTitle "playchess.com"]
[Source "ChessBase"]
[SourceQuality "1"]
[TimeControl "1500+10"]

1. e4 e5 2. Nf3 Nc6 3. Bc4 Bc5 4. c3 Nf6 5. d4 exd4 6. e5 d5 7. Bb5 Ne4 8. cxd4 Bb6 9. Nc3 {[%emt 0:00:02] C54: Giuoco Piano: 4 c3 Nf6, main lines with 5 d4 and 5 d3.} Bg4 10. Be3 O-O 11. h3 {[%emt 0:00:02] The position is equal.} Bh5 12. Qc2 Nxc3 $1 {[%emt 0:00:11][%mdl 4] is now more promising than 12...Bg6.} 13. bxc3 f6 14. exf6 Qxf6 15. Be2 ({Much worse is} 15. Ng5 Bg6 16. Qb3 Kh8 $15) 15... Na5 16. O-O Bxf3 17. Bxf3 c6 18. Rae1 Nc4 19. Bc1 Qg6 20. Qxg6 hxg6 {[%emt 0:00:03] [#]} 21. Be2 $146 ({Predecessor:} 21. Re7 Rf7 22. Re2 Ba5 23. Rc2 Re8 24. Be2 Rfe7 25. Bd3 Kf7 26. g3 b5 27. h4 {½-½ (48) So,W (2772)-Carlsen,M (2847) chess24.com INT 2021}) 21... Ba5 22. Bxc4 dxc4 23. Re3 Rae8 24. Bd2 Rxe3 25. fxe3 Rxf1+ 26. Kxf1 $11 {[%emt 0:00:03][%mdl 4096] Endgame KB-KB} Kf7 27. Ke2 b5 28. e4 Ke6 29. h4 Bc7 30. g4 a5 31. h5 gxh5 32. gxh5 Bd6 33. Kd1 c5 34. Be3 cxd4 35. Bxd4 Be5 36. a3 Bf6 37. Kd2 Bg5+ $1 38. Kc2 Kf7 {[%emt 0:00:30] And now ...a4 would win.} 39. Bb6 {[%emt 0:01:49] [#]} ({White must play} 39. a4 $1 $15 bxa4 40. Kb2) 39... a4 $1 $19 40. Bc5 g6 ({Black should try} 40... Bh6 $19 {White must now prevent ...Kf6.} 41. Bd4 Bf4) 41. hxg6+ $15 Kxg6 42. Kd1 Kf6 43. Ke2 Ke5 44. Kf3 Bc1 45. Bb4 Bd2 46. Ke2 Bc1 47. Kf3 Bd2 48. Ke2 $1 Bc1 49. Kf3 Bd2 {[%emt 0:00:03] Weighted Error Value: White=0.07 (flawless) /Black=0.12 (very precise)} (49... Ke6 $15) 1/2-1/2

[Event "Chinese League Div-A Rapid 2022"]
[Site "Fuling,Chongqing"]
[Date "2022.09.14"]
[Round "7.19"]
[White "Hou, Yifan"]
[Black "Bai, Xue"]
[Result "1-0"]
[ECO "C92"]
[WhiteElo "2650"]
[BlackElo "2123"]
[Annotator "TA"]
[PlyCount "93"]
[EventDate "2022.09.07"]
[EventType "team-tourn"]
[EventCountry "CHN"]
[SourceTitle "playchess.com"]
[Source "ChessBase"]
[SourceQuality "1"]
[TimeControl "1500+10"]

1. e4 e5 2. Nf3 Nc6 3. Bb5 a6 4. Ba4 Nf6 5. O-O Be7 6. Re1 b5 7. Bb3 d6 8. c3 O-O 9. h3 Bb7 10. d4 Re8 11. Nbd2 Bf8 12. Bc2 g6 13. b3 Bg7 {[%emt 0:00:49] C92: Closed Ruy Lopez: 9...Be6, Karpov and Flohr-Zaitsev Variations.} 14. Bb2 $5 {[%emt 0:00:24][%mdl 4] Exploring less charted territory.} Nh5 {[%emt 0:01:33] [#]} 15. Nf1 $146 ({Predecessor:} 15. Bd3 exd4 16. cxd4 Nb4 17. Bb1 c5 18. Nf1 d5 19. e5 c4 20. Qd2 Bf8 21. g4 {1-0 (38) Efler,L (2237)-Posta,P (2190) Czech Republic 2002}) 15... Qe7 (15... exd4 $11 16. cxd4 Nb4) 16. a3 Nb8 17. Ne3 Nd7 18. d5 c6 19. c4 Nc5 20. b4 Nd7 21. Bb3 bxc4 (21... Nf4 $11) 22. dxc6 $16 ({Not} 22. Nxc4 cxd5 23. exd5 Nhf6 $11) ({But not} 22. Bxc4 $6 Nb6 $11) 22... Bxc6 23. Nxc4 Bf8 24. Na5 Rac8 25. Nxc6 Rxc6 26. Qd5 Rc7 27. Qa5 Nb8 28. Rac1 Rec8 29. Rxc7 {[%emt 0:00:48] 0x0.001f27b27c44dp-1022s more active pieces.} Qxc7 30. Qxc7 Rxc7 31. Ng5 Bh6 (31... Nf4 $142) 32. Nxf7 Rxf7 33. Rd1 Bf8 34. Rc1 (34. Bxf7+ $6 Kxf7 35. Rc1 Nf6 $14) 34... Nf6 35. Rc8 ({Don't do} 35. Bxf7+ $6 Kxf7 36. f3 Ke6 $14) 35... Nbd7 {[%emt 0:00:25] [#]} 36. Bxf7+ ({Better is} 36. f3 $1 $16) 36... Kxf7 $11 37. f3 d5 $1 38. exd5 a5 $2 {[%emt 0:00:59][%mdl 8192] This costs Black the game.} (38... Nxd5 $16 39. Bc1 Bd6) 39. bxa5 $18 Nxd5 40. a6 Bc5+ 41. Kf1 Bb6 42. a4 Ne3+ 43. Ke2 {[%emt 0:00:29][%cal Oa4a5] [#] a5! is the strong threat.} Nxg2 $2 (43... Nd5 44. a5 Bg1) 44. a5 {[%emt 0:00:24] White is clearly winning.} Nf4+ 45. Kf1 Be3 46. Bc1 Bd4 47. Bxf4 {[%emt 0:00:45] Weighted Error Value: White=0.10 (very precise) /Black=0.39} 1-0

[Event "Chinese League Div-A Rapid 2022"]
[Site "Fuling,Chongqing"]
[Date "2022.09.14"]
[Round "7.20"]
[White "Zhai, Mo"]
[Black "Qiu, Mengjie"]
[Result "1-0"]
[ECO "E35"]
[WhiteElo "2374"]
[BlackElo "2149"]
[Annotator "RC"]
[PlyCount "90"]
[EventDate "2022.09.07"]
[EventType "team-tourn"]
[EventCountry "CHN"]
[SourceTitle "playchess.com"]
[Source "ChessBase"]
[SourceQuality "1"]
[TimeControl "1500+10"]

1. d4 Nf6 2. c4 e6 3. Nc3 Bb4 4. Qc2 d5 5. cxd5 exd5 6. Bg5 h6 7. Bh4 g5 8. Bg3 Ne4 9. e3 h5 10. f3 Nxg3 11. hxg3 Qe7 12. Kf2 c6 13. Nxd5 Qd6 14. Nxb4 Qxb4 15. Bc4 Nd7 16. Ne2 Nb6 17. Bb3 Qe7 18. Nc3 Be6 19. Bxe6 Qxe6 20. Qe4 Ke7 21. Qxe6+ fxe6 22. Ne4 Rag8 23. Rh2 h4 24. gxh4 Rxh4 25. Rxh4 gxh4 26. Rh1 Rh8 27. b3 Nd5 28. f4 Nb4 29. a3 Nc2 30. a4 b5 31. axb5 cxb5 32. Rc1 Rc8 33. Nc5 Na3 34. Rh1 Rh8 35. Ra1 b4 36. Na6 Kd6 37. Nxb4 Nb5 38. Ra6+ Kd7 39. Nd3 Ke7 40. Nc5 h3 41. gxh3 Rxh3 42. Rxe6+ Kf7 43. Ra6 Rh2+ 44. Kg3 Re2 45. Kf3 Ke8 1-0

[Event "Chinese League Div-A Rapid 2022"]
[Site "Fuling,Chongqing"]
[Date "2022.09.14"]
[Round "7.21"]
[White "Zhao, Yuanhe"]
[Black "Wan, Yunguo"]
[Result "0-1"]
[ECO "A13"]
[WhiteElo "2440"]
[BlackElo "2508"]
[Annotator "RC"]
[PlyCount "62"]
[EventDate "2022.09.07"]
[EventType "team-tourn"]
[EventCountry "CHN"]
[SourceTitle "playchess.com"]
[Source "ChessBase"]
[SourceQuality "1"]
[TimeControl "1500+10"]

1. Nf3 Nf6 2. c4 e6 3. Nc3 d5 4. e3 Be7 5. b3 O-O 6. Bb2 c5 7. cxd5 Nxd5 8. Qc2 Nc6 9. a3 Bf6 10. g4 Ne5 11. Nxe5 Bxe5 12. h4 Nxc3 13. dxc3 f5 14. f4 Bc7 15. Bd3 c4 16. Bxc4 fxg4 17. Bd3 h6 18. O-O-O Qe7 19. h5 e5 20. Kb1 Bd7 21. f5 e4 22. Bc4+ Kh8 23. Rxd7 Qxd7 24. Be6 Qd3 25. Qxd3 exd3 26. c4 Rae8 27. Kc1 g3 28. Rh4 Rxe6 29. fxe6 Kg8 30. Rg4 Rf1+ 31. Kd2 Rf2+ 0-1